 Dungeon Crawl Stone Soup version 0.20-a0-833-gc632bec (webtiles) character file.

581 Amciq the Chucker (level 7, -1/73 HPs)
             Began as a Troll Hunter on Mar 7, 2017.
             Slain by Grinder (2 damage)
             ... on level 4 of the Dungeon.
             The game lasted 00:10:08 (3293 turns).

Amciq the Chucker (Troll Hunter)                    Turns: 3293, Time: 00:10:09

Health: -1/73      AC:  6    Str: 26 (27) XL:     7   Next: 13%
Magic:  6/6        EV: 10    Int:  7      God:
Gold:   182        SH:  0    Dex: 10 (11) Spells: 6/6 levels left

rFire    + . .     SeeInvis .   a - +0 short sword
rCold    . . .     Gourm    +   b - +0 robe
rNeg     . . .     Faith    .   (no shield)
rPois    .         Spirit   .   (helmet restricted)
rElec    .         Reflect  .   s - +0 cloak
rCorr    .         Harm     .   (gloves unavailable)
MR       .....                  (boots unavailable)
Stlth    +.........             (no amulet)
Regen    0.7/turn               x - ring of flight
MPRegen  0.1/turn               B - ring of protection from fire

@: mighty
A: unfitting armour, claws 3, deterioration 1, fast metabolism 3, gourmand,
regeneration 1, robust 1, shaggy fur 1, tough skin 2, wild magic 1
a: Evoke Flight


You were on level 4 of the Dungeon.
You were full.

You visited 1 branch of the dungeon, and saw 4 of its levels.
You also visited: Sewer.

You collected 182 gold pieces.

Inventory:

Hand Weapons
 a - a +0 short sword (weapon)
 o - a +0 club
Missiles
 c - 8 large rocks (quivered)
 d - 2 throwing nets
Armour
 b - a +0 robe (worn)
 s - a +0 cloak (worn)
Jewellery
 x - a ring of flight (right claw)
 B - a ring of protection from fire (left claw)
Wands
 y - a wand of random effects (38/48)
Scrolls
 h - 5 scrolls of teleportation
 i - 2 scrolls of fear
 j - 2 scrolls of remove curse
 m - a scroll of amnesia {unknown}
 n - 2 scrolls of fog {unknown}
 q - 2 scrolls of enchant armour {unknown}
 v - 2 scrolls of recharging
 w - a scroll of noise {unknown}
 z - a scroll of magic mapping {unknown}
 A - 2 scrolls of blinking {unknown}
Potions
 e - a potion of heal wounds
 g - 2 potions of berserk rage
 k - 3 potions of might
 p - 3 potions of brilliance
 r - a potion of curing {unknown}
 t - a potion of magic {unknown}
 u - a potion of flight
Comestibles
 f - 3 bread rations
 l - 3 meat rations


   Skills:
 + Level 3.0 Fighting
 * Level 3.6 Maces & Flails
 + Level 4.6 Throwing
 + Level 2.2 Armour
 + Level 3.0 Dodging
 - Level 0.3 Stealth


You had 6 spell levels left.
You didn't know any spells.

Dungeon Overview and Level Annotations

Branches:
Dungeon (4/15)
 Temple: D:4-7

Altars:

Annotations:
D:4 Grinder


Innate Abilities, Weirdness & Mutations

You are too large for most types of armour.
You have claws for hands.
Your metabolism is lightning-fast.
You like to eat raw meat.
Your natural rate of healing is unusually fast.
You are covered in fur. (AC +1)
You have very tough skin. (AC +2)
Your body sometimes deteriorates upon taking damage.
You are robust. (+10% HP)
Your spells are a little harder to cast, but a little more powerful.


Message History

You can move again.
You puncture Grinder!
Grinder is severely wounded.
The gnoll hits you from afar with a halberd!
* * * LOW HITPOINT WARNING * * *
Your body deteriorates!
You feel clumsy. The gnoll barely misses you.
Grinder says, "FISH!"
Grinder closely misses you. The gnoll shaman barely misses you.
You hit Grinder.
Grinder is almost dead.
The gnoll hits you from afar with a halberd!
* * * LOW HITPOINT WARNING * * *
Your body deteriorates!
You feel weakened. The gnoll hits you with a club.
* * * LOW HITPOINT WARNING * * *
Grinder hits you.
* * * LOW HITPOINT WARNING * * *
You writhe in agony.
You die...

..........#.###
#.####........# #.#
#....#.#.# #.#
#......#.# #.#
#.#....#.# #.#
#<.....#.#
##.####..##..#.#
#...........>..#
#@g........##.##
#g5........##.#
...[g.g..........##.#
..#####....####.###.#
#######....##.#
#....##.# #....##.#
#....##.# #....##.#


You could see Grinder, a gnoll shaman and 2 gnolls.

Vanquished Creatures
  Sigmund (D:3)
  3 big kobolds (Sewer)
  An iguana (D:4)
  Robin (D:2)
  8 adders
  A gnoll (D:4)
  3 river rats
  An ooze (Sewer)
  2 worms
  3 leopard geckos
  4 orcs
  3 ball pythons
  2 giant cockroaches
  12 goblins
  7 hobgoblins
  9 kobolds
  A quokka (D:3)
  9 bats
  3 frilled lizards
  10 rats
84 creatures vanquished.

Notes
Turn   | Place    | Note
-------+----------+-------------------------------------------
     0 | D:1      | Amciq the Troll Hunter began the quest for the Orb.
     0 | D:1      | Reached XP level 1. HP: 19/19 MP: 0/0
   291 | D:1      | Reached XP level 2. HP: 28/28 MP: 1/1
   863 | D:2      | Reached XP level 3. HP: 32/35 MP: 2/2
  1368 | D:2      | Reached skill level 1 in Maces & Flails
  1452 | D:2      | Noticed Robin
  1495 | D:2      | Reached skill level 1 in Armour
  1531 | D:2      | Killed Robin
  1531 | D:2      | Reached skill level 4 in Throwing
  1531 | D:2      | Reached XP level 4. HP: 33/42 MP: 3/3
  1734 | D:3      | Noticed Sigmund
  1748 | D:3      | Killed Sigmund
  1748 | D:3      | Reached XP level 5. HP: 28/50 MP: 4/4
  2020 | D:3      | Found a glowing drain.
  2024 | Sewer    | Entered a sewer
  2033 | Sewer    | Reached XP level 6. HP: 48/59 MP: 5/5
  2356 | Sewer    | Reached XP level 7. HP: 26/66 MP: 6/6
  2430 | Sewer    | Gained mutation: Your body sometimes deteriorates upon taking damage. [potion of mutation]
  2430 | Sewer    | Gained mutation: Your spells are a little harder to cast, but a little more powerful. [potion of mutation]
  2430 | Sewer    | Gained mutation: You are robust. (+10% HP) [potion of mutation]
  3058 | D:3      | Found a faded altar of an unknown god.
  3281 | D:4      | Noticed Grinder
  3289 | D:4      | Paralysed by Grinder for 3 turns
  3293 | D:4      | HP: 3/73 [gnoll/club (1)]
  3293 | D:4      | HP: 1/73 [Grinder (2)]
  3293 | D:4      | Slain by Grinder

Vault maps used:
D:1:      mrwooster_arrival_statue
D:2:      uniq_robin
D:3:      gup_sewer_entry_bowl, chequers_ecumenical_altar_lobes, uniq_sigmund
D:4:      uniq_pikel, uniq_grinder
Sewer:    sewer_co_15_rooms

Skill      XL: |  1  2  3  4  5  6  7 |
---------------+----------------------+-----
Fighting       | 2 3 |  3.0
Maces & Flails | 1 2 3 |  3.6
Armour         | 1 2 |  2.2
Throwing       | 4 |  4.6
Dodging        | 2 3 |  3.0
Stealth        | |  0.3

Action                   |  1- 3 |  4- 6 |  7- 9 || total
-------------------------+-------+-------+-------++-------
Melee: Short sword       |   192 |   204 |    86 ||   482
Throw: Large rock        |     1 |     2 |     2 ||     5
  Use: Scroll            |       |       |    10 ||    10
       Potion            |       |       |     2 ||     2
 Stab: Sleeping          |     1 |     2 |       ||     3
  Eat: Chunk             |    19 |     9 |     6 ||    34
Armor: Robe              |    77 |    58 |    31 ||   166
Dodge: Dodged            |   111 |   101 |    55 ||   267
